Map: 2000 Atmospheres LE

Players

milkicow

  • Race: Terran Terran

Serral - Winner!

  • Race: Zerg Zerg

Event: DreamHack SC2 Masters 2021 Fall

VOD

Have the link to the VOD?

Description

Time

  • Played on: Aug. 4, 2021, 12:04 p.m.
  • Length: 14:17

All games in this series

Show
View Real Time Build Order
Export as new Build Order

milkicow Terran 

Build Orders: Gas First Reaper Expand, Banshee Rush 

Get SALT Encoding   

  12  0:00  SCV  
  13  0:12  SCV  
  14  0:17  Supply Depot  
  14  0:24  SCV  
  14  0:27  Refinery  
  15  0:39  SCV  
  16  0:44  Barracks  
  16  0:51  SCV  
  17  1:03  SCV  
  18  1:15  SCV  
  19  1:31  Reaper, Orbital Command  
  20  1:41  Command Center  
  20  1:52  Factory  
  20  1:56  SCV  
  21  2:04  Supply Depot  
  21  2:06  Barracks Reactor  
  21  2:10  SCV  
  21  2:15  Refinery  
  22  2:22  SCV  
  23  2:34  SCV  
  24  2:43  Starport  
  24  2:46  Hellion x2  
  24  2:47  SCV  
  29  2:53  Orbital Command  
  29  2:56  Barracks Tech Lab  
  29  2:59  SCV  
  30  3:07  Hellion  
  30  3:08  Hellion  
  34  3:13  SCV  
  34  3:18  SCV  
  36  3:25  SCV, Cloaking Field  
  37  3:29  Banshee  
  37  3:32  SCV  
  41  3:35  Marine, Supply Depot  
  41  3:38  SCV  
  43  3:46  SCV  
  39  3:50  SCV  
  39  3:54  Barracks Tech Lab  
  40  3:58  SCV  
  40  4:02  SCV  
  42  4:03  Command Center  
  42  4:10  SCV  
  42  4:12  Banshee  
  42  4:14  SCV  
  42  4:15  Stimpack  
  47  4:20  Barracks  
  47  4:22  SCV  
  48  4:26  SCV  
  48  4:28  Barracks  
  48  4:29  Marine, Factory Reactor  
  50  4:34  SCV  
  50  4:36  Supply Depot  
  51  4:38  SCV  
  52  4:46  SCV, Engineering Bay  
  52  4:47  Engineering Bay  
  52  4:50  SCV  
  52  4:51  Refinery  
  54  4:57  Marine  
  54  4:59  SCV  
  56  5:03  Supply Depot  
  56  5:06  SCV  
  57  5:09  Marine x2  
  57  5:11  SCV  
  57  5:12  Starport Reactor  
  57  5:13  Terran Infantry Weapons Level 1  
  60  5:15  Terran Infantry Armor Level 1, Refinery, Marine  
  61  5:21  SCV  
  61  5:25  Siege Tank  
  61  5:26  Marine x2  
  61  5:27  Marine x2  
  69  5:30  Orbital Command  
  69  5:31  SCV  
  69  5:33  Marine  
  71  5:39  SCV  
  72  5:44  Marine x2, SCV  
  72  5:45  Marine x2  
  77  5:51  SCV, Medivac  
  77  5:52  Medivac  
  77  5:54  Orbital Command  
  77  5:56  SCV  
  81  5:58  Siege Tank  
  81  6:01  Marine  
  81  6:03  SCV  
  85  6:08  Supply Depot  
  85  6:10  Supply Depot  
  85  6:16  Marine x3, SCV x2  
  85  6:18  Marine, Armory  
  90  6:25  Medivac  
  93  6:29  Marine, SCV x2, Medivac  
  93  6:32  Supply Depot  
  98  6:41  Marine  
  98  6:44  Marine  
  98  6:46  SCV  
  101  6:48  Marine  
  101  6:49  Marine x2, SCV  
  101  6:56  Siege Tank  
  101  6:57  SCV  
  101  6:59  Marine, Combat Shield  
  101  7:00  SCV, Barracks  
  101  7:01  Barracks  
  105  7:02  Marine, Supply Depot  
  105  7:03  SCV  
  105  7:05  Supply Depot  
  107  7:10  Marine  
  107  7:11  Marine  
  109  7:17  Marine  
  109  7:18  Marine  
  109  7:20  Marine  
  109  7:21  Terran Infantry Weapons Level 2  
  116  7:23  Terran Infantry Armor Level 2  
  116  7:26  Supply Depot  
  110  7:33  Marine x2, Command Center  
  110  7:34  SCV  
  110  7:35  Drilling Claws  
  113  7:40  Factory  
  113  7:45  Marine  
  113  7:46  Marine x2  
  113  7:47  SCV  
  113  7:51  Marine x2  
  118  7:52  SCV  
  118  7:57  SCV  
  123  7:59  SCV  
  123  8:01  Refinery  
  123  8:02  Supply Depot  
  123  8:03  Marine x2, Supply Depot  
  123  8:05  Barracks Reactor x2  
  124  8:11  Marine x2  
  124  8:12  Medivac  
  128  8:13  Medivac  
  128  8:18  Marine  
  131  8:22  Marine x2, SCV  
  131  8:24  SCV, Factory Reactor, Supply Depot  
  131  8:25  Supply Depot  
  130  8:29  Marine x2  
  130  8:32  SCV, Siege Tank  
  136  8:35  Marine  
  136  8:40  Marine x2  
  134  8:43  Marine x2, Medivac  
  134  8:44  Medivac  
  140  8:49  SCV  
  140  8:50  SCV x2  
  140  8:54  Marine  
  144  8:59  Barracks  
  144  9:00  Barracks  
  144  9:01  SCV, Barracks  
  144  9:05  Marine  
  144  9:07  Widow Mine x2, Siege Tank  
  152  9:11  Marine  
  152  9:13  Marine  
  152  9:15  Marine  
  152  9:17  Marine  
  155  9:19  Marine  
  155  9:22  Planetary Fortress  
  157  9:27  Marine  
  157  9:29  Marine, Widow Mine x2  
  157  9:30  Marine  
  164  9:32  Marine, Marauder  
  167  9:39  Widow Mine  
  157  9:48  Marine  
  157  9:49  Marine, SCV  
  157  9:52  SCV x2  
  157  9:54  Marauder  
  157  9:55  Marine  
  157  9:56  Marine x2  
  157  9:58  Marine  
  157  9:59  SCV  
  119  10:01  SCV  
  119  10:02  Marine x2  
  119  10:03  Medivac x2, Siege Tank  
  119  10:04  Barracks Tech Lab x3, Terran Infantry Weapons Level 3  
  119  10:05  SCV  
  119  10:06  Marine  
  131  10:07  Marine  
  131  10:09  SCV  
  131  10:12  Widow Mine x2  
  131  10:13  Marine, SCV x2  
  131  10:14  Marine  
  140  10:15  Marauder  
  140  10:18  SCV  
  140  10:19  Marine x2  
  145  10:21  SCV  
  146  10:29  Command Center  
  146  10:30  SCV  
  146  10:31  Marine, SCV  
  146  10:32  SCV, Marauder  
  152  10:36  Marauder  
  152  10:37  Marine, Marauder  
  152  10:39  Marauder  
  159  10:43  Marine  
  159  10:47  Marine  
  159  10:49  Marine  
  161  10:50  Marine  
  161  10:53  Marauder  
  161  10:54  Marine  
  161  10:55  Terran Infantry Armor Level 3  
  159  10:58  Marauder x2  
  159  11:00  Marine, Marauder  
  159  11:01  SCV  
  159  11:04  Widow Mine  
  164  11:07  Refinery  
  164  11:08  Refinery  
  164  11:11  Supply Depot x2, Widow Mine, Siege Tank, SCV x3  
  172  11:15  Marauder  
  167  11:19  Marauder  
  167  11:20  Marine, Marauder  
  172  11:26  SCV, Marauder, Supply Depot  
  166  11:36  SCV, Marauder  
  166  11:37  SCV  
  166  11:38  Widow Mine x2  
  166  11:39  SCV x2  
  171  11:40  Marauder  
  171  11:41  Marauder  
  171  11:45  Command Center  
  171  11:46  Siege Tank  
  178  11:47  Marine  
  178  11:48  SCV, Marauder  
  178  11:50  Missile Turret  
  178  11:54  Marine, Terran Vehicle Weapons Level 1  
  183  11:56  SCV  
  183  11:57  Marauder  
  183  11:58  Marine  
  183  11:59  Medivac  
  183  12:01  SCV x2  
  191  12:02  Marauder  
  191  12:04  Factory  
  191  12:05  Factory  
  188  12:18  Marine, Medivac, Siege Tank, Marauder  
  188  12:20  SCV  
  193  12:27  Marine, SCV, Marauder  
  193  12:29  Marauder  
  189  12:30  SCV  
  189  12:32  Marauder  
  189  12:36  SCV, Command Center  
  186  12:39  Medivac  
  186  12:42  Marine  
  186  12:43  Marauder  
  191  12:48  Medivac  
  191  12:50  SCV  
  188  12:54  Planetary Fortress  
  188  12:56  Marine, Marauder  
  191  12:59  Missile Turret  
  191  13:01  Factory Tech Lab x2  
  191  13:02  Widow Mine x2, Siege Tank  
  191  13:05  SCV x2  
  186  13:20  Medivac  
  186  13:23  Marauder  
  177  13:27  Marine, Marauder  
  177  13:28  Marine, Marauder  
  177  13:29  Marine, Medivac  
  177  13:32  Marine, Marauder  
  177  13:33  Marine  
  175  13:36  Ghost Academy  
  153  13:42  Marine  
  153  13:44  Marauder  
  153  13:48  Marine  
  143  13:49  Marauder  
  143  13:50  Marauder  
  143  13:54  Marauder  
  145  14:01  SCV  
  145  14:02  SCV  
  134  14:06  Command Center  
Show
View Real Time Build Order
Export as new Build Order

Serral Zerg - Winner!

Build Orders: Pool First, Lurkers 

Get SALT Encoding   

  12  0:00  Drone  
  13  0:12  Overlord  
  13  0:16  Drone  
  14  0:30  Drone x2  
  14  0:33  Drone  
  17  0:44  Extractor  
  17  0:45  Drone  
  17  0:48  Spawning Pool  
  16  0:55  Drone  
  17  1:06  Drone  
  18  1:16  Hatchery  
  17  1:20  Drone  
  18  1:35  Queen, Zergling x2  
  18  1:38  Zergling x2  
  22  1:45  Metabolic Boost  
  22  1:51  Overlord  
  22  2:10  Queen  
  22  2:11  Drone x2  
  26  2:21  Drone  
  27  2:28  Drone  
  27  2:29  Queen  
  30  2:31  Drone  
  30  2:39  Drone  
  30  2:43  Drone x3  
  34  2:48  Drone  
  34  2:50  Drone  
  36  2:58  Overlord  
  36  3:05  Hatchery  
  35  3:10  Drone  
  35  3:11  Overlord  
  36  3:18  Drone x2  
  36  3:19  Drone x2  
  40  3:21  Drone  
  41  3:27  Queen  
  41  3:29  Drone  
  41  3:33  Queen  
  46  3:36  Overlord  
  46  3:47  Drone x4  
  49  3:51  Overlord  
  49  3:52  Drone  
  50  3:56  Overlord  
  50  3:58  Drone  
  51  4:04  Lair  
  51  4:07  Drone  
  51  4:08  Drone x2  
  54  4:12  Queen  
  56  4:20  Drone  
  56  4:21  Drone x4  
  61  4:26  Spore Crawler x2  
  61  4:27  Spore Crawler  
  58  4:31  Extractor  
  58  4:32  Queen  
  58  4:36  Zergling x6  
  62  4:40  Drone x3  
  62  4:44  Zergling x4  
  67  4:45  Drone  
  67  4:50  Drone x4  
  72  4:55  Overlord  
  72  4:57  Overlord  
  72  4:58  Zergling x2  
  72  4:59  Zergling x2  
  74  5:01  Drone  
  74  5:03  Overseer  
  74  5:04  Baneling Nest  
  74  5:05  Overseer, Drone  
  74  5:10  Extractor  
  74  5:11  Extractor, Drone  
  74  5:14  Drone x4  
  75  5:17  Drone  
  78  5:22  Drone  
  78  5:25  Drone, Evolution Chamber x2  
  78  5:26  Drone x4  
  82  5:34  Hatchery  
  81  5:37  Drone x2  
  81  5:38  Drone  
  81  5:40  Overlord  
  84  5:45  Drone x3  
  84  5:48  Overlord  
  87  5:51  Centrifical Hooks  
  87  5:53  Zerg Melee Weapons Level 1  
  87  5:56  Zerg Ground Armor Level 1  
  87  5:57  Zergling x4  
  87  6:02  Overlord x2  
  89  6:07  Zergling x2  
  89  6:08  Zergling x4  
  89  6:10  Overlord  
  92  6:15  Zergling x12  
  97  6:19  Spore Crawler  
  97  6:22  Drone  
  97  6:25  Zergling x8  
  100  6:26  Baneling x6  
  100  6:27  Baneling x3  
  100  6:34  Zergling x2  
  100  6:35  Zergling x10  
  100  6:36  Drone  
  106  6:42  Zergling x2, Overlord  
  106  6:47  Queen  
  104  6:54  Drone x4  
  104  6:56  Drone x3  
  104  7:00  Extractor  
  104  7:01  Hydralisk Den  
  108  7:02  Overlord  
  108  7:05  Baneling x2, Drone x6  
  114  7:15  Drone x6  
  117  7:20  Zergling x2  
  117  7:21  Zergling x2  
  119  7:27  Zergling x8  
  123  7:30  Zergling x6  
  123  7:33  Baneling x5, Hatchery  
  123  7:35  Muscular Augments  
  124  7:38  Overlord x2  
  124  7:40  Zergling x8  
  128  7:45  Drone  
  128  7:48  Zergling x4  
  128  7:51  Hatchery  
  129  7:54  Zerg Melee Weapons Level 2, Zerg Ground Armor Level 2  
  129  7:58  Extractor, Drone x3  
  132  8:01  Hydralisk x8  
  147  8:09  Burrow  
  147  8:17  Drone x3  
  147  8:18  Zergling x10  
  148  8:23  Overseer, Pneumatized Carapace  
  148  8:25  Hydralisk x2  
  148  8:26  Zergling x2, Overseer  
  153  8:32  Zergling x16  
  161  8:34  Overlord  
  161  8:37  Zergling x8  
  164  8:44  Infestation Pit  
  164  8:46  Grooved Spines  
  163  8:51  Zergling x10  
  168  8:58  Overlord x5  
  168  9:05  Drone  
  168  9:06  Extractor x2, Drone x2  
  168  9:07  Drone x4  
  168  9:09  Queen, Drone  
  174  9:12  Spore Crawler  
  174  9:14  Hydralisk x3  
  174  9:16  Zergling x14  
  188  9:20  Baneling x13  
  186  9:25  Zergling x10  
  191  9:32  Baneling x13  
  191  9:41  Zergling x2  
  191  9:42  Zergling x26  
  191  9:44  Hive  
  185  9:46  Zergling x6  
  185  9:49  Zergling x2  
  182  9:59  Zergling x10  
  162  10:04  Lurker Den, Zergling x2  
  162  10:05  Zergling x2  
  161  10:11  Zergling x8  
  165  10:20  Zergling x26  
  178  10:25  Baneling x15  
  178  10:29  Drone x5  
  178  10:31  Spore Crawler, Baneling  
  178  10:32  Baneling x18  
  178  10:33  Hatchery  
  178  10:34  Zergling x2  
  183  10:42  Zergling x2  
  183  10:43  Zergling x10  
  183  10:44  Baneling x7  
  185  10:50  Drone x4  
  185  10:51  Drone x6  
  194  11:02  Viper x2  
  197  11:12  Zerg Ground Armor Level 3, Zerg Missile Weapons Level 1, Overseer  
  197  11:16  Zergling x20  
  199  11:21  Seismic Spines  
  199  11:24  Extractor x2  
  197  11:29  Drone x3  
  196  11:33  Zergling x10  
  198  11:45  Drone  
  198  11:46  Drone, Overlord  
  198  11:47  Overlord  
  200  12:05  Overseer  
  200  12:15  Zergling x8  
  199  12:20  Zergling x4  
  200  12:27  Adaptive Talons  
  200  12:28  Zergling x8  
  200  12:29  Baneling x13  
  198  12:30  Baneling  
  198  12:33  Zergling x20  
  199  12:43  Lurker  
  199  12:44  Lurker x8  
  187  12:57  Lurker  
  187  12:58  Zergling x10, Lurker x3  
  191  12:59  Zergling x8  
  191  13:01  Baneling x10  
  200  13:05  Spore Crawler  
  200  13:07  Spore Crawler  
  200  13:08  Spore Crawler  
  200  13:11  Hatchery  
  190  13:20  Zergling x20, Overseer  
  190  13:27  Zergling x28  
  187  13:30  Overseer  
  187  13:32  Zergling x2  
  187  13:33  Zergling x8  
  199  13:39  Zergling x12  
  192  13:50  Zergling x8  
  192  13:51  Zergling x14  
  192  13:54  Zergling x6  
  199  13:57  Overseer x3  

Tags
 
Add a new tag
Caveats
  • Supply blocks, unpowered buildings, or Contaminate may cause inaccurate times.
  • Supply counts are checked every 10 seconds.